 Dungeon Crawl Stone Soup version 0.29.1-12-g30fa7ad0bf (webtiles) character file.

Game seed: 16479651179111709305

28855 AarnesTheHuman the Geomancer (level 13, 0/82 HPs)
             Began as a Gargoyle Earth Elementalist on Dec 13, 2022.
             Was an Elder of Makhleb.
             Slain by an eight-headed hydra (8 damage)
             ... on level 4 of the Lair of Beasts on Dec 15, 2022.
             The game lasted 00:42:34 (20742 turns).

AarnesTheHuman the Geomancer (GrEE)                Turns: 20742, Time: 00:42:34

Health: 0/82       AC: 18    Str: 14    XL:     13   Next: 41%
Magic:  1/37       EV: 10    Int: 19    God:    Makhleb [****..]
Gold:   726        SH: 10    Dex: 10    Spells: 18/34 levels left

rFire   . . .      SeeInvis .   a - +4 dagger (venom)
rCold   . . .      Faith    .   M - +1 kite shield
rNeg    + . .      Spirit   .   S - +1 robe {Archmagi}
rPois   ∞          Reflect  .   R - +2 hat {Will+}
rElec   +          Harm     .   L - +0 cloak
rCorr   .          Rampage  .   t - +1 pair of gloves
Will    ++...      Archmagi +   (no boots)
Stlth   ++........              c - amulet of regeneration
HPRegen 1.03/turn               U - ring of willpower
MPRegen 0.25/turn               x - ring of magical power

@: no status effects
A: sickness immunity, AC +9, negative energy resistance 1, electricity
resistance, torment resistance 1, petrification resistance
a: Renounce Religion, Minor Destruction, Lesser Servant of Makhleb, Major
Destruction


You were on level 4 of the Lair of Beasts.
You worshipped Makhleb.
Makhleb was greatly pleased with you.
You visited 3 branches of the dungeon, and saw 15 of its levels.
You also visited: Ossuary.

You collected 726 gold pieces.

Inventory:

Hand Weapons
 a - a +4 dagger of venom (weapon)
 d - a +0 club
 u - a +3 flail of protection
Missiles
 m - 80 stones (quivered)
 w - 2 throwing nets
 A - 13 poisoned darts
Armour
 i - the +2 leather armour of the Dwarven Hall {Rampage rN++}
   (You found it on level 4 of the Dungeon)

   rN:        It greatly protects you from negative energy.
   Rampage:   It bestows one free step when moving towards enemies.
 j - a +1 helmet
 s - the +1 ring mail "Imop Lai" {SInv}
   (You found it on level 2 of the Dungeon)

   SInv:      It lets you see invisible.
 t - a +1 pair of gloves (worn)
 L - a +0 cloak (worn)
 M - a +1 kite shield (worn)
 R - a +2 hat of willpower (worn)
 S - a +1 robe of the Archmagi (worn)
Magical Staves
 l - a staff of conjuration
 q - a staff of fire
Jewellery
 c - an amulet of regeneration (around neck)
 v - a ring of fire
 x - a ring of magical power (right hand)
 D - a ring of resist corrosion
 E - a ring of ice
 G - a +4 ring of protection
 T - a ring of see invisible
 U - a ring of willpower (left hand)
Wands
 o - a wand of flame (20)
 N - a wand of paralysis (2)
 O - a wand of roots (3)
 P - a wand of polymorph (9)
 Q - a wand of light (12)
Scrolls
 n - 2 scrolls of identify
 p - 4 scrolls of poison
 y - 6 scrolls of teleportation
 C - 3 scrolls of fear
 H - 6 scrolls of fog
 I - 4 scrolls of magic mapping
 J - a scroll of blinking
 K - a scroll of silence
 W - a scroll of summoning
 Y - a scroll of enchant weapon
Potions
 b - 3 potions of magic
 e - 5 potions of heal wounds
 f - 2 potions of haste
 g - 4 potions of lignification
 h - 6 potions of flight
 k - 8 potions of curing
 r - 4 potions of attraction
 z - a potion of brilliance
 B - 3 potions of mutation
 F - 2 potions of might
 V - a potion of invisibility
 X - a potion of resistance {unknown}


   Skills:
 + Level 10.1 Fighting
 + Level 4.3 Armour
 - Level 1.5 Dodging
 - Level 2.1 Stealth
 + Level 6.2 Shields
 - Level 11.0 Spellcasting
 - Level 7.5 Conjurations
 - Level 6.0 Necromancy
 - Level 0.7 Transmutations
 - Level 12.5 Earth Magic
 + Level 7.0 Invocations


You had 18 spell levels left.
You knew the following spells:

 Your Spells              Type           Power      Damage    Failure   Level
a - Sandblast             Erth           100%       2d20      1%          1
b - Passwall              Tmut/Erth      43%        N/A       1%          2
c - Stone Arrow           Conj/Erth      100%       3d13      1%          3
d - Borgnjor's Vile Clut  Necr/Erth      31%        N/A       11%         5
e - Lee's Rapid Deconstr  Erth           36%        3d19*     3%          5

Your spell library contained the following spells:

 Spells                   Type           Power      Damage    Failure   Level
 Static Discharge         Conj/Air       37%        3-8/arc   6%          2
 Petrify                  Tmut/Erth      52%        N/A       12%         4
 Fulminant Prism          Conj/Hex       18%        3d11      36%         4
 Iskenderun's Mystic Bla  Conj/Tloc      37%        2d9       36%         4
 Gell's Gravitas          Tloc           15%        N/A       47%         3
 Teleport Other           Tloc           15%        N/A       47%         3
 Lightning Bolt           Conj/Air       18%        1d33      71%         5
 Passage of Golubria      Tloc           15%        N/A       87%         4
 Alistair's Intoxication  Tmut/Pois      11%        N/A       99%         5
 Silence                  Hex/Air        7%         N/A       99%         5
 Dispersal                Tloc           7%         N/A       100%        6
 Eringya's Noxious Bog    Tmut/Pois      8%         N/A       100%        6
 Lehudib's Crystal Spear  Conj/Erth      32%        10d8      100%        8
 Maxwell's Capacitive Co  Air            7%         ∞         100%        8


Dungeon Overview and Level Annotations

Branches:
Dungeon (11/15)            Temple (1/1) D:5            Lair (2/5) D:8
    Orc (0/2) D:10        Ossuary (visited)
  Swamp: Lair:2-3    Shoals: Lair:2-3     Snake: Lair:2-3    Spider: Lair:2-3

Altars:
Ashenzari
Cheibriados
Dithmenos
Elyvilon
Fedhas
Gozag
Hepliaklqana
Kikubaaqudgha
Makhleb
Nemelex Xobeh
Okawaru
Qazlal
Ru
Sif Muna
Trog
Uskayaw
Vehumet
Wu Jian
Xom
Yredelemnul
Zin
The Shining One

Shops:
D:1 [   D:7 *

Annotations:
D:4 2 transporters, ChadusMaximus's ghost, amateur MiFi
D:5 exclusion: downstairs
D:8 exclusions: downstairs and statue
D:10 1 runed translucent door, RKaid's ghost, journeyman OpAE; Sonja


Innate Abilities, Weirdness & Mutations

You are immune to sickness and miasma.
Your stone body is resilient. (AC +9)
You are immune to poison.
You resist negative energy. (rN+)
You are resistant to electric shocks. (rElec)
You are resistant to unholy torment.
You are immune to petrification.


Message History

Casting: Stone Arrow (safe; 1% risk of failure)
Confirm with . or Enter, or press ? or * to list all spells.
You don't have enough magic to cast this spell.
You barely miss the eight-headed hydra.
The eight-headed hydra is severely wounded.
The eight-headed hydra bites you! The eight-headed hydra bites you.
You block the eight-headed hydra's attack. x2
The eight-headed hydra bites you.
The eight-headed hydra barely misses you.
The eight-headed hydra bites you. x2
You puncture the eight-headed hydra!
The eight-headed hydra is poisoned.
The eight-headed hydra is severely wounded.
The eight-headed hydra bites you!
The eight-headed hydra bites you but does no damage. x2
The eight-headed hydra bites you.
* * * LOW HITPOINT WARNING * * *
The eight-headed hydra bites you.
* * * LOW HITPOINT WARNING * * *
The eight-headed hydra closely misses you.
The eight-headed hydra barely misses you.
The eight-headed hydra bites you.
* * * LOW HITPOINT WARNING * * *
Casting: Stone Arrow (safe; 1% risk of failure)
Confirm with . or Enter, or press ? or * to list all spells.
Aiming: Stone Arrow (safe; 1% risk of failure)
Press: ? - help, Shift-Dir - straight line, f/p - eight-headed hydra
Aim: an eight-headed hydra (severely wounded, very poisoned, 92% to hit)
You feel a surge of power!
The stone arrow hits the eight-headed hydra!
The eight-headed hydra is almost dead.
The eight-headed hydra bites you.
* * * LOW HITPOINT WARNING * * *
The eight-headed hydra bites you!
* * * LOW HITPOINT WARNING * * *
The eight-headed hydra closely misses you.
You block the eight-headed hydra's attack. x2
The eight-headed hydra bites you but does no damage.
The eight-headed hydra closely misses you.
The eight-headed hydra bites you!
You die...

.... ##.## ...# .. .... ..##
.. .# #..# #..# .###.#
#..###
##..###.....#.####†.#.#
...P#.............†...#
†.†........#..#.#S#.P.#
..#...##.#...####D#.#.#
.##...#.##.....#@##...#
#.#..#.#.#............#
##.#........#......##.######
#.#..#....####....## ......#
.##..##P..# #....###.......
..#..##...# #....#.#..PPP..
.........# #........PPP...
P#...##.## #.....##......PP
.##...#...####.#P.#..P..8.PP


You could see an eight-headed hydra (very poisoned) and a water moccasin.

Vanquished Creatures
  Gastronok (D:11)
  Harold (Lair:2)
  3 boulder beetles
  A hydra (D:11)
  3 two-headed ogres
  Erica (D:11)
  An orc knight (D:10)
  2 cyclopes (D:11)
  A gargoyle (D:11)
  2 black mambas
  2 cane toads (Lair:1)
  Psyche (D:9)
  A kobold demonologist (D:9)
  An unseen horror (D:11)
  Maggie (D:8)
  2 komodo dragons (Lair:4)
  2 polar bears
  2 trolls
  Grinder (D:6)
  8 blink frogs (Lair:2)
  4 shadows
  5 wyverns
  2 basilisks
  34 yaks
  3 wraiths
  Grum (D:9)
  2 vampire mosquitoes (D:10)
  10 water moccasins
  2 acid dragons (D:9)
  4 orc warriors
  A sky beast (D:6)
  2 black bears (D:8)
  10 wolves
  3 ice beasts
  2 ogres
  12 centaurs
  A phantom (D:6)
  10 bullfrogs
  A kobold brigand (D:8)
  2 gnoll sergeants
  A water moccasin zombie (D:4)
  5 scorpions
  13 wights
  23 killer bees
  6 howler monkeys (D:11)
  A human zombie (Ossuary)
  3 orc priests
  3 hounds
  2 jellies (D:6)
  A gnoll bouda (D:6)
  6 iguanas
  2 orc wizards (D:7)
  5 hell rats (Lair:2)
  3 mummies (Ossuary)
  Robin (D:2)
  16 gnolls
  6 adders
  4 shadow imps
  A white imp (D:7)
  An ufetubus (D:6)
  An adder zombie (D:4)
  2 worms
  3 dart slugs
  46 orcs
  3 bats
  5 endoplasms
  19 goblins
  8 hobgoblins
  8 jackals
  14 kobolds
  4 quokkas
  6 ball pythons
  2 frilled lizards (D:3)
  5 goblin zombies
  A hobgoblin zombie (Ossuary)
  A jackal zombie (D:4)
  2 kobold zombies (Ossuary)
  9 rats
  A rat zombie (D:4)
391 creatures vanquished.

Vanquished Creatures (others)
  12 fungi
  25 plants
  2 withered plants (D:4)
39 creatures vanquished.

Grand Total: 430 creatures vanquished

Notes
Turn   | Place    | Note
-------+----------+-------------------------------------------
     0 | D:1      | AarnesTheHuman the Gargoyle Earth Elementalist began the
                  | quest for the Orb.
     0 | D:1      | Reached XP level 1. HP: 10/10 MP: 3/3
   135 | D:1      | Found Bolout's Antique Armour Shoppe.
   171 | D:1      | Reached XP level 2. HP: 7/15 MP: 0/5
   328 | D:1      | Reached skill level 4 in Earth Magic
  1058 | D:2      | Noticed Robin
  1059 | D:2      | Reached XP level 3. HP: 16/19 MP: 1/6
  1733 | D:2      | Killed Robin
  1971 | D:2      | Reached XP level 4. HP: 24/24 MP: 6/8
  1973 | D:2      | Reached skill level 5 in Earth Magic
  2752 | D:2      | Identified the +1 ring mail "Imop Lai" {SInv}
  2937 | D:2      | Learned a level 2 spell: Passwall
  2941 | D:2      | Learned a level 3 spell: Stone Arrow
  3094 | D:3      | Reached XP level 5. HP: 28/28 MP: 8/10
  3191 | D:3      | Found a faded altar of an unknown god.
  3360 | D:3      | Found an ornate altar of the Wu Jian Council.
  3523 | D:3      | Found a snail-covered altar of Cheibriados.
  3540 | D:3      | Reached skill level 1 in Conjurations
  3832 | D:3      | Found a shimmering altar of Xom.
  3835 | D:3      | Found a broken altar of Ashenzari.
  3882 | D:3      | Found a shimmering altar of Xom.
  3885 | D:3      | Found a shimmering altar of Xom.
  3886 | D:3      | Found a shimmering altar of Xom.
  4250 | D:4      | Found an ancient bone altar of Kikubaaqudgha.
  4348 | D:4      | Reached skill level 6 in Earth Magic
  4348 | D:4      | Reached XP level 6. HP: 31/32 MP: 7/12
  4349 | D:4      | Found a basalt altar of Yredelemnul.
  4389 | D:4      | Found a transporter.
  4393 | D:4      | Noticed ChadusMaximus's ghost (amateur MiFi)
  4478 | D:4      | Noticed a water moccasin
  4487 | D:4      | Killed a water moccasin
  4499 | D:4      | Found a sand-covered staircase.
  4509 | Ossuary  | Entered an ossuary
  4509 | Ossuary  | Noticed a wraith
  4509 | Ossuary  | Noticed a wraith
  4509 | Ossuary  | Noticed a wraith
  4930 | Ossuary  | Noticed a wraith
  4939 | Ossuary  | Killed a wraith
  4940 | Ossuary  | Reached skill level 7 in Earth Magic
  4940 | Ossuary  | Reached skill level 1 in Fighting
  4940 | Ossuary  | Reached XP level 7. HP: 27/39 MP: 2/13
  5357 | D:4      | Found a transporter.
  5365 | D:4      | Identified the +2 leather armour of the Dwarven Hall
                  | {Rampage rN++}
  5502 | D:5      | Entered Level 5 of the Dungeon
  5784 | D:5      | Found a staircase to the Ecumenical Temple.
  5798 | Temple   | Entered the Ecumenical Temple
  6248 | D:5      | Reached XP level 8. HP: 48/48 MP: 14/14
  6487 | D:5      | Reached skill level 5 in Fighting
  6706 | D:5      | Reached skill level 1 in Armour
  7077 | D:6      | Found a glowing silver altar of Zin.
  7114 | D:6      | Reached skill level 5 in Spellcasting
  7330 | D:6      | Reached XP level 9. HP: 55/55 MP: 4/17
  7569 | D:6      | Reached skill level 8 in Earth Magic
  7774 | D:6      | Found a stormy altar of Qazlal.
  7839 | D:6      | Noticed Grinder
  7843 | D:6      | Killed Grinder
  7944 | D:6      | Reached skill level 5 in Conjurations
  8504 | D:7      | Found a burning altar of Makhleb.
  8504 | D:7      | Found a sparkling altar of Nemelex Xobeh.
  8504 | D:7      | Found a blossoming altar of Fedhas.
  8517 | D:7      | Became a worshipper of Makhleb the Destroyer
  8599 | D:7      | Reached skill level 1 in Invocations
  8845 | D:7      | Reached skill level 9 in Earth Magic
  8954 | D:7      | Reached XP level 10. HP: 26/60 MP: 13/20
  9196 | D:7      | Reached * piety under Makhleb
  9287 | D:7      | Found a glowing golden altar of the Shining One.
  9325 | D:7      | Found Meim's Assorted Antiques.
  9447 | D:8      | Found a white marble altar of Elyvilon.
  9750 | D:8      | Reached skill level 5 in Invocations
 10034 | D:8      | Found a staircase to the Lair.
 10476 | D:8      | Reached ** piety under Makhleb
 10998 | D:8      | Found a hazy altar of Hepliaklqana.
 10998 | D:8      | Found a faded altar of an unknown god.
 11088 | D:8      | Noticed Maggie
 11095 | D:8      | Killed Maggie
 11096 | D:8      | Reached skill level 1 in Shields
 11096 | D:8      | Reached XP level 11. HP: 71/71 MP: 15/21
 11188 | D:8      | Found a radiant altar of Vehumet.
 11540 | D:9      | Noticed Grum
 11865 | D:9      | Reached skill level 10 in Fighting
 12464 | D:9      | Found a hide-covered altar of Uskayaw.
 12535 | D:9      | Reached skill level 5 in Shields
 12916 | D:9      | Noticed a two-headed ogre
 12922 | D:9      | Killed a two-headed ogre
 12929 | D:9      | Learned a level 5 spell: Borgnjor's Vile Clutch
 13004 | D:9      | Killed Grum
 13046 | D:9      | Noticed Psyche
 13053 | D:9      | Killed Psyche
 13289 | D:10     | Entered Level 10 of the Dungeon
 13310 | D:10     | Noticed a two-headed ogre
 13316 | D:10     | Killed a two-headed ogre
 13317 | D:10     | Reached skill level 1 in Necromancy
 13373 | D:10     | Found an opulent altar of Gozag.
 13589 | D:10     | Found a shimmering blue altar of Sif Muna.
 13593 | D:10     | Noticed a boulder beetle
 13607 | D:10     | Killed a boulder beetle
 13659 | D:10     | Found a runed translucent door.
 13659 | D:10     | Found a shimmering altar of Xom.
 13659 | D:10     | Noticed RKaid's ghost (journeyman OpAE)
 13659 | D:10     | Noticed a +0 halberd of chaos
 13669 | D:10     | Reached *** piety under Makhleb
 13767 | D:10     | Found a staircase to the Orcish Mines.
 13780 | D:10     | Noticed Sonja
 14247 | D:10     | Found a sacrificial altar of Ru.
 14248 | D:10     | Found an iron altar of Okawaru.
 14293 | D:10     | Found a shadowy altar of Dithmenos.
 14730 | D:11     | Noticed a boulder beetle
 14732 | D:11     | Noticed Gastronok
 14848 | D:10     | HP: 2/72 [boulder beetle (22)]
 14874 | D:10     | Killed a boulder beetle
 14875 | D:10     | Reached skill level 10 in Earth Magic
 14875 | D:10     | Reached XP level 12. HP: 23/77 MP: 18/23
 14948 | D:11     | Killed Gastronok
 15277 | D:11     | Noticed a two-headed ogre
 15317 | D:11     | Killed a two-headed ogre
 15318 | D:11     | Reached skill level 11 in Earth Magic
 15369 | D:11     | Noticed a six-headed hydra
 15375 | D:11     | Noticed Erica
 15378 | D:11     | Killed a six-headed hydra
 15389 | D:10     | Reached skill level 5 in Necromancy
 15480 | D:11     | Killed Erica
 15777 | D:11     | Reached **** piety under Makhleb
 17755 | Lair:1   | Entered Level 1 of the Lair of Beasts
 18011 | Lair:1   | Reached skill level 12 in Earth Magic
 18300 | Lair:1   | Noticed a boulder beetle
 18316 | Lair:1   | Killed a boulder beetle
 18317 | Lair:1   | Reached XP level 13. HP: 82/82 MP: 8/26
 18510 | Lair:1   | Learned a level 5 spell: Lee's Rapid Deconstruction
 19229 | Lair:2   | Reached skill level 10 in Spellcasting
 19639 | Lair:2   | Noticed Harold
 19652 | Lair:2   | Killed Harold
 20603 | Lair:2   | You fall into a shaft and drop 2 floors!
 20742 | Lair:4   | Slain by an eight-headed hydra

Illustrated notes

Levels and vault maps discovered:
D:1:      grunt_arrival_crossed_arrows, layout_loops_cross, serial_shops,
          nicolae_shop_waterfront, due_unseen_surprise
D:2:      kennysheep_big_flooded_room, layout_basic, uniq_robin
D:3:      layout_loops_ring, mainiacjoe_overflow_concentric_impassable,
          ashenzari_altar_1, pdpol_wu_jian_five_deadly_venoms, xom_redecorated,
          shapermc_ecumenical_altar_pompeii
D:4:      layout_rooms, lemuel_zombie_altar_yredelemnul,
          kiku_gazebo_garden_becter, gammafunk_ghost_mausoleum, enter_ossuary_3
D:5:      layout_gridville, minmay_temple_entry_slanted
D:6:      layout_rooms, zin_treasury, grunt_qazlal_clouds, minmay_circle_x,
          uniq_grinder
D:7:      layout_rooms, tso_oasis_becter, gammafunk_temple_overflow_forgotten,
          serial_shops, nicolae_shop_hallway_stairs
D:8:      layout_loops_ring, overflow_temple_1_default, vehumet_statue,
          beargit_hepliaklqana_dungeon_heroes, minmay_lair_entry_grove,
          uniq_maggie
D:9:      layout_long_grid, nicolae_uskayaw_dance_hall,
          minmay_tree_intersection, kennysheep_nondescript, uniq_psyche,
          uniq_grum
D:10:     layout_loops_ring, general_overflow_altar,
          chequers_temple_overflow_statue_of_worship, grunt_dithmenos_shadows,
          david_orc_1_choice, special_room [special_room_orc],
          ebering_ghost_xom, uniq_sonja
D:11:     cheibrodos_barr_body, layout_long_grid, uniq_gastronok, uniq_erica
Temple:   ebering_the_one_and_only
Lair:1:   layout_hall_layers
Lair:2:   layout_long_grid, nicolae_spider_entry_non_spiders,
          serial_bayou_pond_e, uniq_harold
Lair:4:   layout_loops_ring, slime_entry_1, dreamdust_mushroom_princess,
          grunt_megastairs_2

Skill      XL: |  1  2  3  4  5  6  7  8  9 10 11 12 13 |
---------------+----------------------------------------+-----
Earth Magic    | 4 5 6 7 9 10 12 | 12.5
Spellcasting   | 3 4 5 7 9 11 | 11.0
Conjurations   | 2 3 4 6 7 |  7.5
Fighting       | 1 4 5 6 9 10 | 10.1
Armour         | 2 4 |  4.3
Invocations    | 3 7 |  7.0
Shields        | 1 6 |  6.2
Necromancy     | 2 6 |  6.0
Dodging        | |  1.5
Stealth        | |  2.1
Transmutations | |  0.7

Action                   |  1- 3 |  4- 6 |  7- 9 | 10-12 | 13-15 || total
-------------------------+-------+-------+-------+-------+-------++-------
Melee: Club              |    15 |    10 |       |       |       ||    25
       Unarmed           |     2 |       |       |       |       ||     2
       Dagger            |       |    17 |    10 |   134 |    25 ||   186
Throw: Stone             |       |     2 |       |       |       ||     2
       Dart              |       |       |     2 |     5 |       ||     7
       Throwing net      |       |       |     1 |       |       ||     1
 Cast: Sandblast         |    38 |   132 |    41 |    25 |       ||   236
       Stone Arrow       |       |     7 |    97 |   322 |    96 ||   522
       Borgnjor's Vile C |       |       |       |     3 |    16 ||    19
Invok: Lesser Servant of |       |       |       |     1 |       ||     1
Evoke: Wand              |       |       |       |     2 |       ||     2
  Use: Scroll            |       |     9 |    12 |     6 |     2 ||    29
       Potion            |       |       |       |     3 |       ||     3
 Stab: Sleeping          |     2 |     1 |     1 |     1 |     1 ||     6
       Paralysed         |       |       |       |     4 |       ||     4
Armor: Robe              |    14 |    12 |       |    32 |    42 ||   100
       Ring mail         |       |    35 |       |     1 |       ||    36
       Leather armour    |       |       |    52 |   180 |       ||   232
Dodge: Dodged            |    27 |    52 |    48 |   191 |    37 ||   355
Block: Kite shield       |       |       |       |   143 |    38 ||   181
